AoeStats
← JOLIAT

Fortress

509948395Analyzed
4v4 RM · 2d ago on Sep 28, 2026· 55m 41s· 8 players
Game mode
Random Map
Map size
Huge
Population
200
Speed
Normal
Resources
Standard
Victory
Conquest
Starting age
Dark Age
Ending age
Imperial Age
RankedLock teamsTeams togetherTeam positionsShared explorationLock speedFull tech treeHidden civsTurbo modeCheats
Victory
Defeat
🇨🇴 Celts · Colombia
1672
+12
🇲🇽 Berbers · Mexico
1642
+13
🇫🇷 Dravidians · France
1508
+18
🇨🇴 Maya · Colombia
1455
+22
🇨🇿 Berbers · Czechia
1743
-22
🇨🇿 Britons · Czechia
1687
-20
🇨🇿 Spanish · Czechia
1658
-19
🇨🇿 Portuguese · Czechia
1186
-4
Voskarius
7:06 Feudal Age
11:28 Castle Age
9:42 Double-Bit Axe
9:57 Horse Collar
13:38 Bow Saw
18:45 Wheelbarrow
19:09 Heavy Plow
20:11 Gold Mining
20:39 Hand Cart
20:45 Loom
24:43 Imperial Age
23:21 Gold Shaft Mining
22:48 Stone Mining
22:55 Fletching
23:26 Ballistics
24:08 Bodkin Arrow
24:25 Masonry
24:59 Padded Archer Armor
25:43 Yeomen
25:26 Bracer
26:00 Fortified Wall
27:05 Elite Longbowman
30:26 Chemistry
30:11 Onager
31:26 Siege Engineers
31:54 Conscription
33:40 Leather Archer Armor
34:51 Ring Archer Armor
35:33 Warwolf
37:11 Caravan
39:59 Architecture
40:33 Hoardings
45:17 Two-Man Saw
44:48 Guilds
TenSpatnej
0:46 Loom
9:22 Feudal Age
10:48 Double-Bit Axe
13:47 Castle Age
11:49 Gold Mining
12:06 Horse Collar
17:57 Imperial Age
16:36 Bow Saw
26:53 Two-Man Saw
25:58 Arquebus
25:52 Fletching
27:59 Chemistry
27:56 Wheelbarrow
27:06 Town Watch
27:25 Bodkin Arrow
28:16 Ballistics
28:09 Siege Engineers
28:02 Murder Holes
28:18 Masonry
28:43 Bracer
29:19 Padded Archer Armor
29:44 Conscription
30:02 Bombard Tower
33:21 Thumb Ring
33:34 Leather Archer Armor
33:52 Architecture
33:15 Guard Tower
36:20 Elite Organ Gun
37:42 Town Patrol
37:58 Hand Cart
38:53 Ring Archer Armor
38:29 Scale Barding Armor
38:47 Forging
39:41 Pikeman
43:34 Scale Mail Armor
Bedrich
7:41 Feudal Age
11:45 Castle Age
9:34 Double-Bit Axe
10:27 Horse Collar
13:42 Bow Saw
17:24 Heavy Plow
23:49 Husbandry
24:00 Bloodlines
23:57 Scale Barding Armor
24:03 Forging
27:19 Imperial Age
24:37 Loom
25:34 Wheelbarrow
26:02 Chain Barding Armor
26:32 Iron Casting
28:05 Hand Cart
28:40 Plate Barding Armor
29:06 Blast Furnace
28:39 Cavalier
29:56 Conscription
30:30 Padded Archer Armor
30:08 Paladin
31:20 Light Cavalry
32:05 Hussar
37:26 Elite Conquistador
38:40 Supremacy
39:09 Caravan
44:06 Leather Archer Armor
50:09 Chemistry
alesh
7:35 Feudal Age
11:16 Castle Age
9:18 Double-Bit Axe
9:29 Horse Collar
12:15 Bow Saw
16:33 Wheelbarrow
16:59 Heavy Plow
17:38 Loom
18:49 Hand Cart
22:00 Town Watch
25:08 Imperial Age
22:34 Gold Mining
22:45 Fletching
23:21 Fortified Wall
23:22 Masonry
22:53 Treadmill Crane
23:57 Stone Mining
24:43 Gold Shaft Mining
24:05 Bodkin Arrow
24:56 Ballistics
24:21 Treadmill Crane
26:58 Chemistry
26:22 Conscription
26:05 Maghrebi Camels
27:10 Bracer
27:59 Crop Rotation
27:09 Onager
29:10 Siege Engineers
31:35 Padded Archer Armor
33:27 Caravan
34:06 Stone Shaft Mining
34:08 Elite Camel Archer
34:49 Kasbah
34:58 Scale Barding Armor
35:03 Forging
36:23 Chain Barding Armor
39:22 Plate Barding Armor
39:22 Iron Casting
38:09 Light Cavalry
38:59 Bloodlines
38:50 Husbandry
39:57 Leather Archer Armor
41:16 Ring Archer Armor
40:10 Elite Genitour
40:57 Thumb Ring
52:55 Hussar
MZTK | KaLiuM
8:02 Feudal Age
11:47 Castle Age
9:38 Double-Bit Axe
9:36 Horse Collar
12:08 Loom
13:12 Wheelbarrow
13:13 Heavy Plow
13:38 Bow Saw
18:06 Gold Mining
23:10 Imperial Age
21:11 Fletching
21:07 Town Watch
21:42 Crossbowman
22:41 Stone Mining
22:55 Scale Mail Armor
23:06 Forging
22:41 Eagle Warrior
23:06 Arson
23:22 Squires
23:55 Hand Cart
24:00 Chain Mail Armor
23:48 Capped Ram
25:59 Plate Mail Armor
26:04 Iron Casting
26:37 Siege Ram
28:08 Elite Eagle Warrior
29:20 Caravan
30:09 Conscription
30:53 Holcans
29:51 Pikeman
32:12 Blast Furnace
31:16 Halberdier
31:43 Elite Skirmisher
32:28 Thumb Ring
33:06 Town Patrol
33:40 Ballistics
34:20 Chemistry
36:56 Two-Man Saw
38:18 Bodkin Arrow
38:23 Padded Archer Armor
38:21 Treadmill Crane
39:30 Hul'che Javelineers
43:15 Bracer
43:31 Leather Archer Armor
47:12 Ring Archer Armor
54:35 Hoardings
Half_59
7:09 Feudal Age
9:01 Double-Bit Axe
11:17 Castle Age
9:20 Horse Collar
18:16 Wheelbarrow
17:55 Bow Saw
18:07 Gold Mining
18:27 Heavy Plow
19:09 Loom
20:08 Stone Mining
20:37 Hand Cart
20:08 Town Watch
20:14 Town Watch
26:12 Imperial Age
24:30 Fletching
24:40 Padded Archer Armor
25:00 Medical Corps
25:08 Bodkin Arrow
26:50 Leather Archer Armor
26:48 Thumb Ring
26:18 Elite Elephant Archer
27:00 Bracer
27:47 Loom
29:06 Two-Man Saw
28:11 Husbandry
28:43 Ring Archer Armor
30:14 Ballistics
31:11 Conscription
31:54 Chemistry
31:25 Caravan
31:02 Light Cavalry
33:46 Hoardings
37:31 Scale Barding Armor
43:52 Town Patrol
45:48 Elite Skirmisher
47:05 Chain Barding Armor
46:55 Forging
50:35 Iron Casting
52:45 Blast Furnace
51:24 Pikeman
52:04 Squires
51:50 Gambesons
51:50 Arson
52:07 Scale Mail Armor
eL|Hooligan
7:30 Feudal Age
11:38 Castle Age
10:01 Double-Bit Axe
10:16 Horse Collar
12:06 Wheelbarrow
12:40 Bow Saw
12:43 Heavy Plow
18:09 Gold Mining
19:56 Loom
21:53 Hand Cart
23:43 Gold Shaft Mining
22:59 Stone Mining
26:37 Imperial Age
23:54 Town Watch
24:00 Fletching
24:11 Padded Archer Armor
25:20 Kasbah
26:12 Bodkin Arrow
26:33 Leather Archer Armor
26:00 Treadmill Crane
26:46 Ballistics
27:36 Bracer
27:58 Conscription
28:05 Caravan
29:05 Ring Archer Armor
28:40 Husbandry
28:51 Bloodlines
30:24 Chemistry
30:20 Maghrebi Camels
30:20 Maghrebi Camels
31:17 Light Cavalry
31:23 Elite Camel Archer
32:48 Hussar
33:34 Scale Barding Armor
33:40 Forging
37:16 Chain Barding Armor
37:32 Iron Casting
37:08 Guilds
38:47 Crop Rotation
38:51 Heavy Camel Rider
43:07 Hoardings
42:43 Masonry
42:39 Siege Engineers
42:31 Murder Holes
42:38 Cavalier
54:10 Thumb Ring
JOLIAT
8:04 Feudal Age
8:37 Double-Bit Axe
11:50 Castle Age
10:07 Horse Collar
13:11 Bow Saw
13:48 Wheelbarrow
17:10 Loom
17:33 Heavy Plow
18:55 Hand Cart
18:51 Gold Mining
20:49 Gold Shaft Mining
24:32 Imperial Age
21:41 Pikeman
22:48 Scale Mail Armor
22:49 Stone Mining
23:36 Forging
24:33 Chain Mail Armor
25:30 Iron Casting
24:55 Capped Ram
25:42 Siege Ram
27:09 Plate Mail Armor
26:05 Halberdier
27:09 Conscription
27:19 Onager
29:22 Plate Mail Armor
29:52 Blast Furnace
29:12 Siege Engineers
31:19 Furor Celtica
31:36 Stronghold
32:03 Elite Woad Raider
34:53 Caravan
34:45 Siege Onager
37:50 Stone Shaft Mining
42:53 Chemistry
55:20 Town Watch
Connection lost

Rejoining the realm…

Still unreachable

The connection could not be restored.

Session expired

The server has moved on; the page needs a fresh start.